 Dungeon Crawl Stone Soup version 0.20.1-1-g8b1a95d (webtiles) character file.

233 homeworkjunkie the Ruffian (level 5, 0/53 HPs)
             Began as a Troll Monk on Nov 22, 2017.
             Slain by an orc
             ... wielding a +0 morningstar
              (8 damage)
             ... on level 3 of the Dungeon.
             The game lasted 00:04:39 (1601 turns).

homeworkjunkie the Ruffian (Troll Monk)             Turns: 1601, Time: 00:04:40

Health: 0/53       AC:  5    Str: 20    XL:     5   Next: 74%
Magic:  4/4        EV: 11    Int:  6    God:
Gold:   91         SH:  0    Dex: 12    Spells: 4/4 levels left

rFire    . . .     SeeInvis .     - Unarmed
rCold    . . .     Gourm    +   (no shield)
rNeg     . . .     Faith    .   a - +0 robe
rPois    .         Spirit   .   (helmet restricted)
rElec    .         Reflect  .   (no cloak)
rCorr    .         Harm     .   (gloves unavailable)
MR       .....                  (boots unavailable)
Stlth    ++........             (no amulet)
Regen    0.6/turn               (no ring)
MPRegen  0.1/turn               (no ring)

@: no status effects
A: unfitting armour, claws 3, fast metabolism 3, gourmand, regeneration 1,
shaggy fur 1, tough skin 2
a: no special abilities


You were on level 3 of the Dungeon.
You were very full.

You visited 1 branch of the dungeon, and saw 3 of its levels.

You collected 91 gold pieces.

Inventory:

Armour
 a - a +0 robe (worn)
Scrolls
 c - a scroll of recharging
 h - 3 scrolls of teleportation
 q - a scroll of enchant weapon
Potions
 d - a potion of lignification
 e - a potion of invisibility {unknown}
 g - a potion of resistance {unknown}
 i - a potion of heal wounds {unknown}
 j - 2 potions of curing {unknown}
 k - a potion of brilliance {unknown}
 m - 2 potions of cancellation
 o - 2 potions of might {unknown}
 r - a potion of flight {unknown}
Comestibles
 b - 4 bread rations
 f - 2 meat rations
 l - 3 fruits
 p - a chunk of flesh


   Skills:
 * Level 3.2 Fighting
 * Level 3.3 Dodging
 + Level 1.4 Stealth
 * Level 5.0 Unarmed Combat


You had 4 spell levels left.
You didn't know any spells.

Dungeon Overview and Level Annotations

Branches:
Dungeon (3/15)

Altars:
Hepliaklqana
Makhleb
Vehumet
The Shining One


Innate Abilities, Weirdness & Mutations

You are too large for most types of armour.
You have claws for hands.
Your metabolism is lightning-fast.
You like to eat raw meat.
Your natural rate of healing is unusually fast.
You are covered in fur. (AC +1)
You have very tough skin. (AC +2)


Message History

a dagger; a ring mail; 2 tomahawks; an orc corpse You closely miss the orc.
Your claw misses the orc. The orc hits you with a whip.
* * * LOW HITPOINT WARNING * * *
The orc wizard closely misses you.
You claw the orc wizard!
You kill the orc wizard!
Your Unarmed Combat skill increases to level 5!
The orc hits you with a whip.
* * * LOW HITPOINT WARNING * * *
The giant cockroach barely misses you. The orc misses you.
You scratch the orc.
The orc is heavily wounded.
The giant cockroach closely misses you. The orc barely misses you.
The orc hits you but does no damage.
You claw the orc!
You kill the orc!
The giant cockroach bites you but does no damage.
The orc hits you with a morningstar!
You die...

...........##........#
..#.#......##........#
.....................###
......#........####.....
. .........(...# ##.....
###............+ .......
...............# .......
...............##s......
.<......#.....!.@)....$.
........#......)o.......
........................
##.................#.#..
........................
########...#########.###
##.. .# #. #


You could see an orc and a giant cockroach.

Vanquished Creatures
  2 orc wizards (D:3)
  5 gnolls
  4 adders (D:2)
  4 worms
  2 dart slugs
  A leopard gecko (D:3)
  10 orcs (D:3)
  8 bats
  A giant cockroach (D:2)
  8 goblins
  5 hobgoblins
  5 jackals
  5 kobolds
  2 quokkas (D:3)
  5 frilled lizards
  8 rats
75 creatures vanquished.

Notes
Turn   | Place    | Note
-------+----------+-------------------------------------------
     0 | D:1      | homeworkjunkie the Troll Monk began the quest for the Orb.
     0 | D:1      | Reached XP level 1. HP: 22/22 MP: 0/0
   103 | D:1      | Reached XP level 2. HP: 28/29 MP: 1/1
   248 | D:3      | Reached XP level 3. HP: 35/36 MP: 2/2
   819 | D:2      | Reached skill level 4 in Unarmed Combat
   819 | D:2      | Reached XP level 4. HP: 45/45 MP: 3/3
  1097 | D:2      | Found a faded altar of an unknown god.
  1097 | D:2      | Found a radiant altar of Vehumet.
  1104 | D:2      | Found a hazy altar of Hepliaklqana.
  1113 | D:2      | Found a burning altar of Makhleb.
  1115 | D:2      | Found a glowing golden altar of the Shining One.
  1158 | D:2      | Reached XP level 5. HP: 53/53 MP: 4/4
  1599 | D:3      | Reached skill level 5 in Unarmed Combat
  1601 | D:3      | Slain by an orc

Skill      XL: |  1  2  3  4  5 |
---------------+----------------+-----
Fighting       | 3 |  3.2
Unarmed Combat | 4 5 |  5.0
Dodging        | 3 |  3.3
Stealth        | |  1.4

Action                   |  1- 3 |  4- 6 || total
-------------------------+-------+-------++-------
Melee: Unarmed           |    87 |   108 ||   195
       Punch             |     2 |     3 ||     5
  Use: Scroll            |     3 |     3 ||     6
 Stab: Sleeping          |     2 |     4 ||     6
  Eat: Chunk             |     6 |    14 ||    20
Armor: Robe              |    33 |    29 ||    62
Dodge: Dodged            |    46 |    61 ||   107
